Map: 어비설 리프 - 래더

Players

Bunny

  • Race: Terran Terran
  • Spawn Location: 11:00

jjakji - Winner!

  • Race: Terran Terran
  • Spawn Location: 5:00

Event: IEM XI Katowice - World Championship 2017

VOD

Have the link to the VOD?

Description

Time

  • Played on: Feb. 28, 2017, 8:05 a.m.
  • Length: 17:57

All games in this series

Show
View Real Time Build Order
Export as new Build Order

Bunny Terran 

Build Orders: Cyclone Opening, Reaper Expand, Bio Tank 

Get SALT Encoding   

  12  0:00  SCV  
  13  0:12  SCV  
  14  0:17  Supply Depot  
  14  0:24  SCV  
  15  0:38  SCV  
  15  0:39  Barracks  
  16  0:44  Refinery  
  16  0:50  SCV  
  17  1:03  SCV  
  18  1:15  SCV  
  19  1:27  Reaper, Orbital Command  
  20  1:43  Command Center  
  20  1:54  SCV  
  20  1:55  Supply Depot  
  20  1:59  Marine  
  22  2:08  Factory  
  22  2:10  SCV  
  23  2:19  Refinery  
  23  2:21  Barracks Reactor  
  23  2:23  SCV  
  24  2:35  SCV  
  25  2:47  SCV  
  26  2:51  Cyclone  
  26  2:54  Orbital Command  
  26  2:57  Marine x2  
  31  2:59  SCV  
  32  3:10  Starport  
  32  3:11  SCV  
  33  3:15  Marine x2  
  35  3:23  SCV x2  
  37  3:30  Factory Tech Lab  
  37  3:32  Marine x2  
  39  3:35  SCV x2  
  39  3:38  Supply Depot  
  41  3:47  Viking, SCV x2  
  45  3:54  Marine  
  46  3:58  Marine  
  46  4:00  Siege Tank  
  49  4:04  SCV x2  
  51  4:11  Supply Depot, Marine  
  51  4:16  Marine  
  53  4:21  SCV  
  54  4:24  Supply Depot  
  54  4:29  Marine  
  54  4:30  SCV  
  54  4:32  Viking  
  54  4:34  Marine  
  54  4:36  Siege Tank  
  56  4:44  SCV  
  56  4:45  Command Center  
  57  4:46  SCV  
  58  4:56  Marine x2, Supply Depot  
  58  4:57  SCV  
  58  4:58  SCV  
  61  5:09  SCV  
  61  5:10  SCV  
  61  5:12  Siege Tank  
  61  5:20  Viking  
  61  5:21  SCV  
  64  5:22  Marine x2, SCV  
  64  5:25  Refinery  
  64  5:26  Refinery  
  67  5:33  SCV  
  67  5:34  SCV  
  69  5:38  Engineering Bay  
  69  5:40  Engineering Bay  
  69  5:45  SCV  
  69  5:46  SCV  
  69  5:49  Barracks Tech Lab  
  71  5:51  Siege Tank  
  74  5:57  SCV  
  74  5:58  SCV  
  74  6:02  Barracks  
  74  6:04  Orbital Command, Barracks  
  76  6:09  SCV  
  76  6:10  Terran Infantry Weapons Level 1, SCV  
  78  6:13  Terran Infantry Armor Level 1  
  78  6:14  Marine  
  79  6:21  Stimpack, SCV  
  79  6:22  SCV  
  79  6:23  Supply Depot  
  81  6:26  Viking  
  81  6:31  Viking  
  85  6:33  Marine  
  85  6:38  Siege Tank  
  85  6:39  SCV  
  90  6:41  SCV  
  90  6:46  Supply Depot  
  90  6:51  Barracks Reactor x2  
  87  6:56  Barracks  
  87  6:57  Viking  
  87  6:59  Marine, Barracks  
  90  7:05  Viking  
  90  7:06  Supply Depot  
  92  7:14  Siege Tank  
  94  7:16  Marine, SCV x2  
  94  7:19  Orbital Command  
  97  7:23  Armory  
  97  7:29  SCV x2  
  99  7:34  Marine x3  
  99  7:35  Marine x2  
  103  7:40  Supply Depot  
  103  7:44  SCV x2  
  105  7:46  Siege Tank, SCV  
  105  7:49  Barracks Reactor x2  
  109  7:53  Medivac  
  109  7:57  Refinery x2  
  111  7:59  SCV  
  111  8:00  SCV x2  
  111  8:01  Marine  
  111  8:02  Marine x4  
  118  8:18  Siege Tank  
  118  8:19  Marine x2  
  113  8:22  Marine x3  
  96  8:27  Marine  
  96  8:28  Marine x2  
  96  8:30  SCV x3  
  85  8:37  Marine x2, Combat Shields  
  85  8:39  Marine  
  85  8:40  Marine x2  
  84  8:45  Marine x3  
  83  8:48  SCV  
  83  8:49  SCV x2  
  83  8:50  Siege Tank  
  83  8:53  Sensor Tower  
  83  8:55  Marine x2  
  91  8:57  Marine, Sensor Tower  
  91  9:01  Supply Depot, SCV x3  
  91  9:02  Barracks Reactor  
  95  9:10  Marine  
  95  9:11  Marine x3  
  95  9:12  Terran Infantry Weapons Level 2  
  95  9:13  Marine, SCV  
  95  9:14  SCV x2  
  102  9:21  Terran Infantry Armor Level 2  
  102  9:22  Marine x2  
  104  9:26  Missile Turret  
  104  9:27  Medivac  
  104  9:28  Marine x3  
  104  9:30  Marine x2  
  111  9:32  SCV x3  
  114  9:39  Medivac  
  114  9:40  Marine  
  114  9:42  Marine x3  
  120  9:46  Marine x3  
  120  9:48  Marine, Siege Tank  
  120  9:50  Supply Depot  
  120  9:52  Marine  
  127  9:56  Terran Vehicle Weapons Level 1  
  127  9:58  Marine  
  127  9:59  Marine  
  129  10:00  Marine x2  
  132  10:10  Missile Turret  
  132  10:11  Medivac x2  
  132  10:13  Marine  
  132  10:14  Marine x3, Supply Depot x2  
  140  10:16  Supply Depot  
  140  10:24  Marine  
  140  10:28  Marine  
  141  10:29  Supply Depot  
  141  10:35  Marine  
  141  10:36  Marine x4, Siege Tank  
  141  10:37  Marine x2  
  141  10:41  Medivac x2  
  141  10:42  Marine  
  156  10:45  Marine  
  157  10:50  Supply Depot  
  157  10:53  Marine x4  
  157  10:56  Barracks  
  161  10:58  Barracks  
  161  11:08  Marine, Siege Tank  
  161  11:09  Marine x3  
  167  11:11  Medivac x2  
  161  11:21  Marine x5  
  166  11:26  Marine x3  
  166  11:32  Marine  
  170  11:36  Terran Infantry Weapons Level 3  
  170  11:39  Marine x5  
  175  11:41  Supply Depot  
  175  11:43  Siege Tank  
  178  11:47  Medivac  
  178  11:49  Marine  
  178  11:51  Barracks Reactor  
  178  11:52  Barracks Reactor  
  181  11:59  Marine x2  
  181  12:02  Medivac  
  181  12:03  Terran Infantry Armor Level 3  
  177  12:11  Marine x2  
  177  12:12  Marine x4  
  183  12:18  Marine  
  183  12:22  Marine  
  184  12:23  Marine  
  184  12:26  Siege Tank  
  189  12:41  Terran Vehicle Weapons Level 2  
  189  12:44  Marine  
  189  12:45  Marine x3  
  189  12:48  Marine  
  189  12:49  Marine x4  
  189  12:50  Marine x2  
  180  13:03  Medivac  
  180  13:05  Command Center  
  182  13:07  Medivac  
  182  13:08  Marine  
  182  13:10  Marine  
  178  13:26  Siege Tank  
  158  13:29  Marine x7  
  160  13:36  Marine x3  
  161  13:46  Marine  
  158  13:53  Marine x7  
  147  13:58  Marine  
  147  13:59  Marine x2  
  150  14:04  Marine  
  151  14:11  Marine x4  
  151  14:14  Marine  
  156  14:26  Marine x2  
  153  14:33  Marine x2  
  153  14:35  Marine x3  
  135  14:53  Marine x8  
  135  14:59  Marine x2  
  125  15:01  Marine  
  125  15:05  Marine  
  125  15:06  Marine  
  118  15:11  Marine  
  118  15:12  Marine x2  
  121  15:15  Marine  
  122  15:28  Marine x4  
  84  15:34  Marine  
  52  15:50  Orbital Command  
  52  16:07  Marine  
  52  16:23  Marine  
  52  16:24  Marine  
  48  16:30  Marine  
  44  16:40  Marine x2  
  44  16:44  Marine  
  44  16:46  Marine  
  48  16:49  Marine  
  48  16:52  Marine  
  50  16:56  Marine  
  50  16:59  Marine  
  52  17:01  Marine  
  53  17:10  Marine x2  
  53  17:15  Medivac  
  57  17:17  Marine  
  57  17:21  Marine  
  58  17:26  Marine  
  58  17:28  Marine  
  58  17:29  Orbital Command  
  49  17:39  Marine x3  
Show
View Real Time Build Order
Export as new Build Order

jjakji Terran - Winner!

Build Orders: 1/1/1, Cyclone Opening, Bio Tank 

Get SALT Encoding   

  12  0:00  SCV  
  13  0:12  SCV  
  14  0:17  Supply Depot  
  14  0:24  SCV  
  14  0:27  Refinery  
  15  0:38  SCV  
  16  0:44  Barracks  
  16  0:50  SCV  
  16  0:55  Refinery  
  17  1:02  SCV  
  18  1:15  SCV  
  19  1:31  Reaper, Orbital Command  
  20  1:36  Factory  
  20  1:51  Supply Depot  
  20  1:57  SCV  
  21  2:03  Reaper  
  22  2:09  SCV  
  23  2:19  Hellion  
  23  2:20  Starport  
  23  2:21  SCV  
  26  2:30  Supply Depot  
  26  2:33  SCV  
  26  2:35  Barracks Tech Lab  
  27  2:42  Cyclone  
  30  2:46  SCV  
  31  2:58  SCV  
  32  3:03  Raven  
  34  3:10  SCV  
  34  3:22  SCV  
  34  3:24  Cyclone  
  38  3:32  Command Center  
  38  3:33  Barracks Reactor  
  38  3:35  SCV  
  39  3:46  Supply Depot  
  39  3:53  SCV  
  38  4:05  SCV  
  38  4:07  Raven  
  41  4:14  Marine x2  
  43  4:17  SCV, Barracks  
  43  4:20  Factory Tech Lab, Barracks  
  44  4:25  Supply Depot  
  44  4:31  SCV  
  45  4:40  Marine x2  
  45  4:44  SCV  
  48  4:50  Orbital Command  
  48  4:56  SCV  
  49  5:00  Siege Tank  
  49  5:01  Starport Reactor  
  52  5:08  SCV  
  52  5:13  Marine  
  52  5:14  Stimpack  
  52  5:15  Barracks Reactor  
  52  5:16  SCV  
  52  5:20  SCV  
  52  5:21  Engineering Bay  
  54  5:24  Marine  
  54  5:25  Marine  
  56  5:28  SCV  
  56  5:31  Marine  
  56  5:32  SCV  
  59  5:39  Siege Tank  
  59  5:40  SCV  
  59  5:42  Marine  
  64  5:43  Marine  
  64  5:44  SCV  
  64  5:46  Refinery  
  64  5:47  Refinery  
  64  5:49  Marine  
  67  5:53  SCV  
  67  5:56  Supply Depot, SCV  
  69  5:59  Marine  
  70  6:08  Supply Depot  
  70  6:09  Supply Depot  
  70  6:14  Terran Infantry Weapons Level 1  
  70  6:17  Marine x4  
  70  6:18  SCV x2  
  76  6:20  Medivac  
  78  6:29  Marine  
  78  6:30  SCV x2, Medivac  
  83  6:35  Marine x2  
  83  6:37  Siege Tank  
  88  6:40  Supply Depot  
  88  6:46  Marine x2  
  88  6:47  Marine  
  88  6:52  Medivac  
  88  6:53  Marine  
  93  7:01  Medivac  
  93  7:04  Marine  
  93  7:05  Marine x3  
  93  7:06  Supply Depot x2  
  99  7:10  Siege Tank  
  102  7:19  Marine, Combat Shields  
  102  7:22  Marine  
  101  7:25  Supply Depot  
  101  7:27  Marine  
  101  7:28  Medivac  
  105  7:38  Medivac  
  105  7:39  Marine x2  
  105  7:40  Marine  
  110  7:48  Command Center  
  113  7:51  Siege Tank  
  113  7:52  Marine x2  
  113  7:58  Supply Depot  
  115  8:00  Medivac  
  117  8:09  Marine x3  
  117  8:10  Marine x2  
  93  8:27  Marine x3  
  93  8:28  Marine x2  
  93  8:33  Siege Tank  
  88  8:35  Medivac  
  88  8:37  Medivac  
  82  8:45  Marine x3  
  82  8:46  Marine x2  
  82  8:47  Barracks  
  85  8:49  Barracks  
  85  8:52  SCV x2  
  85  8:53  Terran Infantry Armor Level 1  
  86  9:02  Marine  
  86  9:03  Marine x2  
  86  9:04  Marine, SCV x2  
  92  9:10  Siege Tank  
  92  9:12  SCV  
  92  9:16  SCV  
  97  9:21  Marine x4  
  97  9:22  Marine  
  97  9:28  SCV x2  
  97  9:29  Orbital Command  
  99  9:35  Armory  
  99  9:37  Engineering Bay  
  99  9:39  Barracks Reactor x2  
  99  9:42  SCV  
  99  9:43  SCV  
  101  9:49  Viking  
  101  9:50  Viking  
  105  9:54  SCV x2  
  105  9:55  SCV  
  105  9:57  Siege Tank  
  111  10:06  Refinery x2, SCV x2  
  113  10:07  Marine x3, SCV  
  113  10:09  Marine  
  113  10:12  Marine  
  118  10:16  Marine x2  
  118  10:17  Marine  
  118  10:18  SCV x2  
  118  10:19  SCV  
  124  10:21  Viking  
  124  10:25  Viking  
  128  10:28  Terran Infantry Weapons Level 2  
  128  10:32  Terran Vehicle Weapons Level 1  
  128  10:36  Marine x5  
  128  10:40  Marine x3  
  128  10:41  Marine  
  137  10:51  Viking  
  137  10:53  Marine  
  137  10:54  Marine x2  
  137  10:55  Viking, Siege Tank  
  147  10:59  Terran Infantry Armor Level 2  
  147  11:06  Supply Depot  
  147  11:07  Supply Depot  
  147  11:08  Supply Depot  
  147  11:09  Supply Depot  
  147  11:10  Liberator, Marine  
  147  11:11  Marine  
  149  11:12  Marine  
  149  11:16  Marine  
  149  11:17  Marine  
  149  11:27  Marine x4  
  149  11:28  Marine  
  149  11:29  Marine  
  149  11:30  Marine  
  149  11:31  Supply Depot x2  
  159  11:34  Marine  
  159  11:35  Liberator, Marine, Sensor Tower  
  161  11:42  Supply Depot x2  
  161  11:45  Marine x2, Siege Tank  
  168  11:55  Factory  
  168  11:57  Barracks Reactor  
  164  12:03  Marine x4  
  164  12:06  Marine x4  
  164  12:14  Viking  
  166  12:21  Marine x4  
  169  12:24  Marine x3  
  169  12:29  Marine  
  173  12:35  Viking  
  175  12:38  Marine x3  
  175  12:39  Marine x2  
  175  12:41  Marine  
  175  12:42  Marine x3  
  184  12:46  Terran Infantry Weapons Level 3  
  184  12:47  Marine  
  181  12:53  Terran Vehicle Weapons Level 2  
  181  12:56  Marine x3  
  181  12:57  Marine x2  
  185  12:59  Marine x3  
  188  13:09  Orbital Command  
  188  13:10  Marine x2, Medivac x2  
  194  13:14  Marine x5  
  194  13:17  Marine  
  199  13:23  Liberator x2  
  159  13:33  Marine  
  156  13:34  Terran Infantry Armor Level 3  
  156  13:40  Marine x8  
  165  13:48  Marine  
  152  13:51  Marine  
  140  13:58  Marine x8  
  144  14:03  Siege Tank  
  144  14:05  Marine  
  144  14:09  Marine  
  145  14:16  Marine x5  
  128  14:18  Marine x2  
  128  14:21  Marine  
  129  14:28  Marine  
  129  14:30  Marine  
  119  14:55  Marine x5  
  119  14:56  Orbital Command  
  118  15:05  Medivac  
  114  15:14  Marine  
  92  15:28  Siege Tank  
  92  15:32  Marine  
  64  15:35  Marine  
  64  15:37  Marine  
  64  15:42  Marine x2  
  65  15:47  Marine x2  
  67  15:55  Siege Tank  
  70  16:01  Marine  
  70  16:02  Marine  
  70  16:03  Marine  
  65  16:06  Marine  
  65  16:09  Marine  
  67  16:11  Marine  
  67  16:14  Marine  
  67  16:17  Marine  
  69  16:20  Marine  
  69  16:21  Marine  
  68  16:26  Marine  
  68  16:31  Marine x2  
  64  16:33  Marine  
  64  16:40  Marine x2  
  64  16:42  Marine  
  64  16:46  Marine, Orbital Command  
  68  16:49  Marine  
  68  16:50  Marine  
  68  16:51  Marine  
  71  16:59  Marine x3  
  74  17:03  Marine  
  75  17:09  Siege Tank  
  75  17:15  Siege Tank  
  79  17:27  Marine x7  
  79  17:29  Marine  
  81  17:31  Marine x2  

Tags
 
Add a new tag
Caveats
  • Supply blocks, unpowered buildings, or Contaminate may cause inaccurate times.
  • Supply counts are checked every 10 seconds.